MLB
ATLANTA BRAVES @ NEW YORK METS
09/16/2047
 
TOP OF THE 1ST
Atlanta Braves batting - Pitching for New York Mets : RHP Jeff Jank
Pitching: RHP Jeff Jank
Batting: RHB Jeckel Hester 0-0: Called Strike
0-1: Foul Ball, location: 2F
0-2: Ball
1-2: SINGLE (Groundball, 5S, EV 60.0 MPH) (infield hit)
Batting: SHB Jason Woods 0-0: Ball
1-0: Ball
2-0: Called Strike
2-1: Ball
3-1: Foul Ball, location: 2F
3-2: Foul Ball, location: 2F
3-2: Foul Ball, location: 2F
3-2: Base on Balls
Jeckel Hester to second
Batting: SHB Terry Tuckfard 0-0: Ball
1-0: Called Strike
1-1: Called Strike
1-2: Ball
2-2: Foul Ball, location: 2F
2-2: Ball
3-2: Base on Balls
Jeckel Hester to third
Jason Woods to second
Batting: LHB Erik Gretzky 0-0: Called Strike
0-1: Called Strike
0-2: Foul Ball, location: 2F
0-2: Ball
1-2: Foul Ball, location: 2F
1-2: Ball
2-2: Fielders Choice at 2nd, 3-6 (Groundball, 3, EV 102.5 MPH)
Jeckel Hester scores
Jason Woods to third
Batting: RHB Rich Stinson 0-0: Ball
Erik Gretzky steals 2nd base
1-0: Foul Ball, location: 2F
1-1: Ball
2-1: Ball
3-1: Fly out, F8 (Flyball, 8RXD, EV 80.6 MPH)
Runner from 3rd tags up, SCORES, no throw by CF
Erik Gretzky to third
Batting: RHB Luis Torres 0-0: Foul Ball, location: 2F
0-1: Foul Ball, location: 2F
0-2: Ball
1-2: Foul Ball, location: 2F
1-2: Ball
2-2: Ball
3-2: Strikes out looking
Top of the 1st over - 2 runs, 1 hit, 0 errors, 1 left on base; Atlanta 2 - New York 0
BOTTOM OF THE 1ST
New York Mets batting - Pitching for Atlanta Braves : RHP Nicolas Coppola II
Pitching: RHP Nicolas Coppola II
Batting: SHB Nelle van den Berg 0-0: Ball
1-0: Ball
2-0: Ball
3-0: Called Strike
3-1: Base on Balls
Batting: LHB Kevin Bellman 0-0: Fly out, F9 (Flyball, 9D, EV 101.9 MPH)
Batting: SHB Sean Cook 0-0: Foul Ball, location: 2F
0-1: Swinging Strike
0-2: Grounds into double play, 5-4-3 (Groundball, 56, EV 86.9 MPH)
Bottom of the 1st over - 0 runs, 0 hits, 0 errors, 0 left on base; Atlanta 2 - New York 0
TOP OF THE 2ND
Atlanta Braves batting - Pitching for New York Mets : RHP Jeff Jank
Batting: RHB Alex Rodriguez Jr. 0-0: SINGLE (Groundball, 56D, EV 106.2 MPH)
Batting: RHB Xavier Davis 0-0: Called Strike
0-1: Called Strike
Alex Rodriguez Jr. steals 2nd base
0-2: Strikes out swinging
Batting: RHB Liangde Li 0-0: Foul Ball, location: 2F
0-1: Ball
1-1: Ground out 6-3 (Groundball, 6, EV 101.2 MPH)
Batting: RHB Jeckel Hester 0-0: Ball
1-0: Foul Ball, location: 2F
1-1: Ball
2-1: Ball
3-1: Called Strike
3-2: Strikes out looking
Top of the 2nd over - 0 runs, 1 hit, 0 errors, 1 left on base; Atlanta 2 - New York 0
BOTTOM OF THE 2ND
New York Mets batting - Pitching for Atlanta Braves : RHP Nicolas Coppola II
Batting: SHB Gus Berry 0-0: Ball
1-0: Ball
2-0: Ball
3-0: Called Strike
3-1: Called Strike
3-2: Foul Ball, location: 2F
3-2: Fly out, F9 (Flyball, 9D, EV 101.9 MPH)
Batting: RHB Jesus Chavez 0-0: Called Strike
0-1: Foul Ball, location: 2F
0-2: Hit by Pitch
Batting: SHB Roberto Magne 0-0: Reached on error, E7 (Flyball, 7S, EV 90.0 MPH)
Jesus Chavez to second
Batting: SHB Javy Rosa 0-0: SINGLE (Groundball, 6M, EV 85.6 MPH) (infield hit)
Jesus Chavez to third
Roberto Magne to second
Batting: RHB Billy Walker 0-0: Called Strike
0-1: Ball
1-1: Ball
2-1: Ball
3-1: Fly out, F7 (Flyball, 7D, EV 92.5 MPH)
Runner from 3rd tags up, SCORES, no throw by LF
Roberto Magne to third
Batting: RHB Mike Phillips 0-0: Called Strike
0-1: Ball
1-1: Ball
2-1: SINGLE (Groundball, 6D, EV 101.2 MPH)
Roberto Magne scores
Javy Rosa to second
Batting: SHB Nelle van den Berg 0-0: Ball
1-0: Ball
2-0: Called Strike
2-1: Called Strike
2-2: Fly out, F7 (Line Drive, 7LM, EV 90.0 MPH)
Bottom of the 2nd over - 2 runs, 2 hits, 1 error, 2 left on base; Atlanta 2 - New York 2
TOP OF THE 3RD
Atlanta Braves batting - Pitching for New York Mets : RHP Jeff Jank
Batting: SHB Jason Woods 0-0: Called Strike
0-1: Called Strike
0-2: Ball
1-2: Fly out, F7 (Flyball, 7S, EV 91.9 MPH)
Batting: SHB Terry Tuckfard 0-0: Ball
1-0: Foul Ball, location: 2F
1-1: Fly out, F7 (Flyball, 78D, EV 96.9 MPH)
Batting: LHB Erik Gretzky 0-0: Ball
1-0: Ball
2-0: Ball
3-0: Base on Balls
Batting: RHB Rich Stinson 0-0: Called Strike
0-1: Foul Ball, location: 2F
0-2: Ball
1-2: Ball
2-2: Foul Ball, location: 2F
2-2: Fly out, F8 (Flyball, 8RM, EV 80.6 MPH)
Top of the 3rd over - 0 runs, 0 hits, 0 errors, 1 left on base; Atlanta 2 - New York 2
BOTTOM OF THE 3RD
New York Mets batting - Pitching for Atlanta Braves : RHP Nicolas Coppola II
Batting: LHB Kevin Bellman 0-0: Ball
1-0: Ball
2-0: Ground out 4-3 (Groundball, 3D, EV 107.5 MPH)
Batting: SHB Sean Cook 0-0: Foul Ball, location: 2F
0-1: Foul Ball, location: 2F
0-2: Ball
1-2: Foul Ball, location: 2F
1-2: Ball
2-2: Ball
3-2: Foul Ball, location: 2F
3-2: Ground out 1-3 (Groundball, 15S, EV 69.4 MPH)
Batting: SHB Gus Berry 0-0: Ball
1-0: SINGLE (Groundball, 34D, EV 103.8 MPH)
Batting: RHB Jesus Chavez 0-0: Ball
1-0: Foul Ball, location: 2F
1-1: Foul Ball, location: 2F
1-2: 2-RUN HOME RUN (Flyball, 9D, EV 98.1 MPH), Distance : 379 ft
Batting: SHB Roberto Magne 0-0: Called Strike
0-1: Ball
1-1: Foul Ball, location: 2F
1-2: Ball
2-2: Ball
3-2: Foul Ball, location: 2F
3-2: Strikes out looking
Bottom of the 3rd over - 2 runs, 2 hits, 0 errors, 0 left on base; Atlanta 2 - New York 4
TOP OF THE 4TH
Atlanta Braves batting - Pitching for New York Mets : RHP Jeff Jank
Batting: RHB Luis Torres 0-0: Swinging Strike
0-1: Ball
1-1: Ground out 6-3 (Groundball, 6, EV 98.8 MPH)
Batting: RHB Alex Rodriguez Jr. 0-0: Called Strike
0-1: Fly out, F7 (Line Drive, 7, EV 86.2 MPH)
Batting: RHB Xavier Davis 0-0: Ground out 2-3 (Groundball, 15S, EV 60.0 MPH)
Top of the 4th over - 0 runs, 0 hits, 0 errors, 0 left on base; Atlanta 2 - New York 4
BOTTOM OF THE 4TH
New York Mets batting - Pitching for Atlanta Braves : RHP Nicolas Coppola II
Batting: SHB Javy Rosa 0-0: Fly out, F9 (Flyball, 9, EV 90.6 MPH)
Batting: RHB Billy Walker 0-0: Ball
1-0: Swinging Strike
1-1: Hit by Pitch
Batting: RHB Mike Phillips 0-0: Called Strike
0-1: Called Strike
0-2: Foul Ball, location: 2F
0-2: Foul Ball, location: 2F
0-2: SINGLE (Line Drive, 34, EV 95.0 MPH)
Billy Walker to second
Runner from 2nd tries for 3rd, SAFE, throw by RF made to third
Batting: SHB Nelle van den Berg 0-0: Ball
1-0: Fly out, F8 (Flyball, 8LXD, EV 90.0 MPH)
Runner from 3rd tags up, SCORES, no throw by CF
Pitching: RHP Tim Kull
Batting: LHB Kevin Bellman 0-0: Called Strike
0-1: SINGLE (Groundball, 34D, EV 106.2 MPH)
Mike Phillips to second
Runner from 2nd tries for 3rd, OUT! 9-5
Bottom of the 4th over - 1 run, 2 hits, 0 errors, 1 left on base; Atlanta 2 - New York 5
TOP OF THE 5TH
Atlanta Braves batting - Pitching for New York Mets : RHP Jeff Jank
Batting: RHB Liangde Li 0-0: Ball
1-0: Foul Ball, location: 2F
1-1: Foul Ball, location: 2F
1-2: Foul Ball, location: 2F
1-2: Fly out, F7 (Flyball, 7LSF, EV 86.9 MPH)
Batting: RHB Jeckel Hester 0-0: Ball
1-0: Ball
2-0: Ball
3-0: Base on Balls
Batting: SHB Jason Woods 0-0: Ball
1-0: Swinging Strike
1-1: Ball
2-1: Called Strike
2-2: Strikes out swinging
Batting: SHB Terry Tuckfard 0-0: Called Strike
Jeckel Hester is caught stealing 2nd base 2-6
Top of the 5th over - 0 runs, 0 hits, 0 errors, 0 left on base; Atlanta 2 - New York 5
BOTTOM OF THE 5TH
New York Mets batting - Pitching for Atlanta Braves : RHP Tim Kull
Batting: SHB Sean Cook 0-0: Called Strike
0-1: Swinging Strike
0-2: Strikes out looking
Batting: SHB Gus Berry 0-0: Fly out, F7 (Line Drive, 78M, EV 86.9 MPH)
Batting: RHB Jesus Chavez 0-0: Foul Ball, location: 2F
0-1: Called Strike
0-2: Ground out 1-3 (Groundball, 15S, EV 68.8 MPH)
Bottom of the 5th over - 0 runs, 0 hits, 0 errors, 0 left on base; Atlanta 2 - New York 5
TOP OF THE 6TH
Atlanta Braves batting - Pitching for New York Mets : RHP Jeff Jank
Batting: SHB Terry Tuckfard 0-0: Ball
1-0: Ball
2-0: Ball
3-0: Called Strike
3-1: SOLO HOME RUN (Flyball, 7LD, EV 94.4 MPH), Distance : 350 ft
Batting: LHB Erik Gretzky 0-0: Ball
1-0: Foul Ball, location: 2F
1-1: SOLO HOME RUN (Flyball, 9LD, EV 96.9 MPH), Distance : 376 ft
Batting: RHB Rich Stinson 0-0: Ball
1-0: Called Strike
1-1: Foul Ball, location: 2F
1-2: Ball
2-2: SINGLE (Line Drive, 78M, EV 96.2 MPH)
Pitching: RHP Casey Cuomo
Batting: RHB Luis Torres 0-0: Ball
1-0: Called Strike
Rich Stinson is caught stealing 2nd base 2-4
1-1: Swinging Strike
1-2: Ball
2-2: Fly out, F7 (Flyball, 7, EV 92.5 MPH)
Batting: RHB Alex Rodriguez Jr. 0-0: Foul Ball, location: 2F
0-1: Ball
1-1: Ground out 6-3 (Groundball, 6, EV 88.1 MPH)
Top of the 6th over - 2 runs, 3 hits, 0 errors, 0 left on base; Atlanta 4 - New York 5
BOTTOM OF THE 6TH
New York Mets batting - Pitching for Atlanta Braves : RHP Tim Kull
Batting: SHB Roberto Magne 0-0: Ball
1-0: Ball
2-0: Ball
3-0: Called Strike
3-1: Fly out, F4 (Line Drive, 4, EV 69.4 MPH)
Batting: SHB Javy Rosa 0-0: Ball
1-0: Called Strike
1-1: Ball
2-1: Foul Ball, location: 2F
2-2: Ball
3-2: Fly out, F7 (Line Drive, 78M, EV 106.9 MPH)
Batting: RHB Billy Walker 0-0: Foul Ball, location: 2F
0-1: Called Strike
0-2: Strikes out looking
Bottom of the 6th over - 0 runs, 0 hits, 0 errors, 0 left on base; Atlanta 4 - New York 5
TOP OF THE 7TH
Atlanta Braves batting - Pitching for New York Mets : RHP Casey Cuomo
Batting: RHB Xavier Davis 0-0: Ball
1-0: Ball
2-0: Ball
3-0: Called Strike
3-1: Called Strike
3-2: Fly out, F4 (Popup, 13S, EV 87.5 MPH)
Batting: RHB Liangde Li 0-0: Ball
1-0: Foul Ball, location: 2F
1-1: Foul Ball, location: 2F
1-2: Ball
2-2: Ground out 5-3 (Groundball, 56, EV 80.6 MPH)
Batting: RHB Jeckel Hester 0-0: Ball
1-0: Swinging Strike
1-1: Foul Ball, location: 2F
1-2: Strikes out looking
Top of the 7th over - 0 runs, 0 hits, 0 errors, 0 left on base; Atlanta 4 - New York 5
BOTTOM OF THE 7TH
New York Mets batting - Pitching for Atlanta Braves : RHP Tim Kull
Batting: RHB Mike Phillips 0-0: Swinging Strike
0-1: Ball
1-1: Ball
2-1: Fly out, F6 (Line Drive, 6, EV 76.2 MPH)
Batting: SHB Nelle van den Berg 0-0: Hit by Pitch
Batting: LHB Kevin Bellman 0-0: Ball
Nelle van den Berg steals 2nd base
1-0: Ball
2-0: Ball
3-0: Called Strike
3-1: Base on Balls
Batting: SHB Sean Cook 0-0: Ball
1-0: Swinging Strike
1-1: Ball
2-1: Called Strike
2-2: Strikes out looking
Batting: SHB Gus Berry 0-0: Called Strike
0-1: Ball
1-1: Ball
2-1: Foul Ball, location: 2F
2-2: Strikes out swinging
Bottom of the 7th over - 0 runs, 0 hits, 0 errors, 2 left on base; Atlanta 4 - New York 5
TOP OF THE 8TH
Atlanta Braves batting - Pitching for New York Mets : RHP Casey Cuomo
Pitching: LHP Sam Schrecengost
Batting: SHB Jason Woods 0-0: Foul Ball, location: 2F
0-1: Called Strike
0-2: Ball
1-2: Ball
2-2: Strikes out swinging
Batting: SHB Terry Tuckfard 0-0: Ball
1-0: Ball
2-0: Ball
3-0: Ground out 6-3 (Groundball, 56D, EV 106.9 MPH)
Pinch Hitting: RHB Ike Trout 0-0: Called Strike
0-1: Ball
1-1: Ball
2-1: Foul Ball, location: 2F
2-2: Ball
3-2: Strikes out looking
Top of the 8th over - 0 runs, 0 hits, 0 errors, 0 left on base; Atlanta 4 - New York 5
BOTTOM OF THE 8TH
New York Mets batting - Pitching for Atlanta Braves : RHP Tim Kull
Pitching: LHP Matthew Spurrell
Now in LF: Cody Schumacher
Batting: RHB Jesus Chavez 0-0: Hit by Pitch
Batting: SHB Roberto Magne 0-0: Ball
1-0: Called Strike
1-1: Ball
2-1: Ball
3-1: Base on Balls
Jesus Chavez to second
Batting: SHB Javy Rosa 0-0: Ball
1-0: Ball
2-0: Called Strike
2-1: Called Strike
2-2: Foul Ball, location: 2F
2-2: Strikes out swinging
Batting: RHB Billy Walker 0-0: Called Strike
0-1: Called Strike
0-2: Ball
1-2: Strikes out swinging
Batting: RHB Mike Phillips 0-0: Foul Ball, location: 2F
0-1: Fly out, F8 (Flyball, 8LM, EV 80.6 MPH)
Bottom of the 8th over - 0 runs, 0 hits, 0 errors, 2 left on base; Atlanta 4 - New York 5
TOP OF THE 9TH
Atlanta Braves batting - Pitching for New York Mets : LHP Sam Schrecengost
Pitching: LHP Chris Thurner
Batting: RHB Rich Stinson 0-0: Called Strike
0-1: Ball
1-1: Ball
2-1: Foul Ball, location: 2F
2-2: Ball
3-2: Strikes out swinging
Batting: RHB Luis Torres 0-0: Ball
1-0: Ball
2-0: Called Strike
2-1: Ball
3-1: Base on Balls
Batting: RHB Alex Rodriguez Jr. 0-0: Ball
1-0: Ball
2-0: Fly out, F7 (Flyball, 7LM, EV 80.0 MPH)
Batting: RHB Xavier Davis 0-0: Ball
1-0: Ball
2-0: Ball
3-0: Base on Balls
Luis Torres to second
Batting: RHB Liangde Li 0-0: Ball
1-0: Ball
2-0: Foul Ball, location: 2F
2-1: Called Strike
2-2: Ball
3-2: Base on Balls
Luis Torres to third
Xavier Davis to second
Batting: RHB Jeckel Hester 0-0: Ball
1-0: Ball
2-0: Foul Ball, location: 2F
2-1: SINGLE (Groundball, 4M, EV 102.5 MPH) (infield hit)
Luis Torres scores
Xavier Davis to third
Liangde Li to second
Pitching: RHP Billy McIntyre
Batting: SHB Jason Woods 0-0: Called Strike
0-1: Foul Ball, location: 2F
0-2: Foul Ball, location: 2F
0-2: Ball
1-2: Strikes out looking
Top of the 9th over - 1 run, 1 hit, 0 errors, 3 left on base; Atlanta 5 - New York 5
BOTTOM OF THE 9TH
New York Mets batting - Pitching for Atlanta Braves : LHP Matthew Spurrell
Batting: SHB Nelle van den Berg 0-0: Swinging Strike
0-1: Ground out 6-3 (Groundball, 6, EV 90.0 MPH)
Batting: LHB Kevin Bellman 0-0: Called Strike
0-1: Ball
1-1: Ball
2-1: Ball
3-1: Called Strike
3-2: Fly out, F9 (Flyball, 9, EV 89.4 MPH)
Batting: SHB Sean Cook 0-0: Ball
1-0: Ball
2-0: Swinging Strike
2-1: Ball
3-1: Base on Balls
Batting: SHB Gus Berry 0-0: Called Strike
Sean Cook steals 2nd base (no throw)
0-1: Fly out, F7 (Flyball, 7, EV 94.4 MPH)
Bottom of the 9th over - 0 runs, 0 hits, 0 errors, 1 left on base; Atlanta 5 - New York 5
TOP OF THE 10TH
Atlanta Braves batting - Pitching for New York Mets : RHP Billy McIntyre
Batting: SHB Terry Tuckfard 0-0: Called Strike
0-1: Ground out U3 (Groundball, 3S, EV 82.5 MPH)
Batting: LHB Cody Schumacher 0-0: Ball
1-0: Foul Ball, location: 2F
1-1: Ball
2-1: Foul Ball, location: 2F
2-2: Foul Ball, location: 2F
2-2: Fly out, F8 (Flyball, 8RM, EV 93.8 MPH)
Batting: RHB Rich Stinson 0-0: Ball
1-0: Ball
2-0: Ball
3-0: Called Strike
3-1: Foul Ball, location: 2F
3-2: Base on Balls
Batting: RHB Luis Torres 0-0: Ball
1-0: Ball
Rich Stinson steals 2nd base
2-0: Ball
3-0: Base on Balls
Batting: RHB Alex Rodriguez Jr. 0-0: Ball
1-0: Called Strike
1-1: Ball
2-1: Called Strike
2-2: Fly out, F1 (Line Drive, P, EV 65.6 MPH)
Top of the 10th over - 0 runs, 0 hits, 0 errors, 2 left on base; Atlanta 5 - New York 5
BOTTOM OF THE 10TH
New York Mets batting - Pitching for Atlanta Braves : LHP Matthew Spurrell
Pitching: RHP Victor Munoz
Batting: RHB Jesus Chavez 0-0: Swinging Strike
0-1: Swinging Strike
0-2: Ball
1-2: Strikes out swinging
Batting: SHB Roberto Magne 0-0: Ball
1-0: Ball
2-0: Foul Ball, location: 2F
2-1: Ball
3-1: Fly out, F8 (Flyball, 8LS, EV 90.0 MPH)
Batting: SHB Javy Rosa 0-0: Called Strike
0-1: Ball
1-1: Called Strike
1-2: Foul Ball, location: 2F
1-2: Strikes out swinging
Bottom of the 10th over - 0 runs, 0 hits, 0 errors, 0 left on base; Atlanta 5 - New York 5
TOP OF THE 11TH
Atlanta Braves batting - Pitching for New York Mets : RHP Billy McIntyre
Batting: RHB Xavier Davis 0-0: Fly out, F7 (Flyball, 7S, EV 71.9 MPH)
Batting: RHB Liangde Li 0-0: Called Strike
0-1: Ground out 6-3 (Groundball, 6, EV 82.5 MPH)
Batting: RHB Jeckel Hester 0-0: Foul Ball, location: 2F
0-1: Ball
1-1: Foul Ball, location: 2F
1-2: SINGLE (Popup, 5D, EV 65.0 MPH)
Pitching: LHP Josh Taylor
Batting: SHB Jason Woods 0-0: Called Strike
Jeckel Hester steals 2nd base
0-1: Swinging Strike
0-2: Ball
1-2: Foul Ball, location: 2F
1-2: Ball
2-2: Foul Ball, location: 2F
2-2: Foul Ball, location: 2F
2-2: Ball
3-2: Fly out, F8 (Flyball, 8RM, EV 96.9 MPH)
Top of the 11th over - 0 runs, 1 hit, 0 errors, 1 left on base; Atlanta 5 - New York 5
BOTTOM OF THE 11TH
New York Mets batting - Pitching for Atlanta Braves : RHP Victor Munoz
Pinch Hitting: SHB Harry Hoop 0-0: Ball
1-0: Foul Ball, location: 2F
1-1: Called Strike
1-2: Ball
2-2: Ball
3-2: Foul Ball, location: 2F
3-2: Foul Ball, location: 2F
3-2: Foul Ball, location: 2F
3-2: Base on Balls
Batting: RHB Mike Phillips 0-0: Called Strike
0-1: Sac Bunt to 2L - play at first, batter OUT! 2-3
Harry Hoop to second
Batting: SHB Nelle van den Berg 0-0: Ball
1-0: Called Strike
1-1: Fly out, F7 (Flyball, 78S, EV 84.4 MPH)
Pitching: RHP Andy Kiefer
Batting: LHB Kevin Bellman 0-0: Ball
1-0: Ball
2-0: Ball
Wild Pitch!
Harry Hoop to third
3-0: Called Strike
3-1: Foul Ball, location: 2F
3-2: Foul Ball, location: 2F
3-2: Foul Ball, location: 2F
3-2: 2-RUN HOME RUN (Line Drive, 7D, EV 100.0 MPH), Distance : 370 ft
Bottom of the 11th over - 2 runs, 1 hit, 0 errors, 0 left on base; Atlanta 5 - New York 7
Thursday, December 15th , 2022 - OOTP Baseball 23.9 Build 102